 Dungeon Crawl Stone Soup version 0.27-a0-887-gcab673c (webtiles) character file.

Game seed: 4716485512614537093

383 Nithhogg the Slasher (level 6, -17/51 HPs)
             Began as a Barachi Fighter on Apr 3, 2021.
             Was an Initiate of Cheibriados.
             Demolished by an ogre
             ... wielding a +0 giant club
              (20 damage)
             ... on level 4 of the Dungeon.
             The game lasted 00:06:42 (5102 turns).

Nithhogg the Slasher (Barachi Fighter)              Turns: 5102, Time: 00:06:43

Health: -17/51     AC:  9    Str: 20    XL:     6   Next: 76%
Magic:  12/15      EV:  8    Int:  9    God:    Cheibriados [......]
Gold:   199        SH:  0    Dex: 13    Spells: 5/5 levels left

rFire    . . .     SeeInvis .   a - +0 long sword
rCold    . . .     Faith    .   (no shield)
rNeg     + . .     Spirit   .   l - +0 chain mail
rPois    .         Reflect  .   (no helmet)
rElec    .         Harm     .   (no cloak)
rCorr    .         Rampage  .   (no gloves)
Will     .....                  (no boots)
Stlth    ..........             (no amulet)
HPRegen  0.17/turn              h - ring of positive energy
MPRegen  0.14/turn              i - ring of magical power

@: about to teleport, can't hop, very slow
A: +LOS, amphibious, slowness 1, strong legs 1
a: Hop, Renounce Religion, Bend Time


You were on level 4 of the Dungeon.
You worshipped Cheibriados.
Cheibriados was noncommittal.
You visited 2 branches of the dungeon, and saw 5 of its levels.

You collected 199 gold pieces.

Inventory:

Hand Weapons
 a - a +0 long sword (weapon)
Armour
 c - a +0 kite shield
 l - a +0 chain mail (worn)
Jewellery
 h - a ring of positive energy (left hand)
 i - a ring of magical power (right hand)
 k - a ring of resist corrosion
 s - an amulet of regeneration
Scrolls
 f - 2 scrolls of identify
 g - a scroll of fog
 j - a scroll of summoning {unknown}
 m - 2 scrolls of noise
 n - a scroll of teleportation
 t - a scroll of enchant weapon {unknown}
Potions
 b - a potion of haste {unknown}
 d - a potion of heal wounds {unknown}
 o - a potion of mutation {unknown}
 p - a potion of attraction {unknown}


   Skills:
 + Level 5.1 Fighting
 * Level 5.6 Long Blades
 + Level 5.0 Armour
 + Level 3.0 Dodging
 - Level 3.2 Shields


You had 5 spell levels left.
You didn't know any spells.
Your spell library contained the following spells:

 Spells                   Type           Power      Damage    Failure   Level
 Summon Small Mammal      Summ           0%         N/A       98%         1
 Call Imp                 Summ           0%         N/A       99%         2
 Call Canine Familiar     Summ           0%         N/A       100%        3
 Spider Form              Tmut/Pois      0%         N/A       100%        3
 Ice Form                 Ice/Tmut       0%         N/A       100%        4
 Dragon Form              Tmut           0%         N/A       100%        7


Dungeon Overview and Level Annotations

Branches:
Dungeon (4/15)             Temple (1/1) D:4

Altars:
Cheibriados
Dithmenos
Elyvilon
Fedhas
Hepliaklqana
Kikubaaqudgha
Okawaru
Qazlal
Ru
Sif Muna
Trog
Uskayaw
Vehumet
Zin
The Shining One

Shops:
D:2 *

Annotations:
D:2 shop


Innate Abilities, Weirdness & Mutations

You can be seen from farther away. (+LOS)
You are amphibious.
You cover ground slowly.
You can hop short distances.


Message History

The ogre shouts!
An ogre is nearby!
The ogre hits you with a +0 giant club!!
Ouch! That really hurt!
You are too injured to fight recklessly!
Hop to where?
Press: ? - help, Dir - move target Boing!
As you read the scroll labelled TUNEAM BEPS, it crumbles to dust.
You hear a loud clanging noise!
It was a scroll of noise.
You hear a bark!
You hear a shout!
You hear a bark!
You hear a shout!
As you read the scroll labelled SUCIG IPO, it crumbles to dust.
It is a scroll of identify.
g - a scroll of fog The ogre hits you with a +0 giant club!
* * * LOW HITPOINT WARNING * * *
You feel better. The ogre hits you with a +0 giant club.
* * * LOW HITPOINT WARNING * * *
A hound comes into view.
The flow of time bends around you.
The ogre resists with some effort.
The ogre hits you with a +0 giant club!
* * * LOW HITPOINT WARNING * * *
As you read the scroll labelled DIORIR HIBI, it crumbles to dust.
You feel a surge of unholy energy.
The ogre convulses!
The hound convulses!
It was a scroll of torment.
The hound bites you but does no damage. The ogre barely misses you.
You riposte.
You hit the ogre but do no damage.
The ogre is heavily wounded.
As you read the scroll labelled WYVYKHLAFINE, it crumbles to dust.
You feel strangely unstable.
It was a scroll of teleportation.
The hound closely misses you. The hound barely misses you.
You riposte.
You barely miss the hound.
The hound is heavily wounded.
The ogre closely misses you.
As you read the scroll labelled MAUS IDGHUL, it crumbles to dust.
You speak a Word of immense power!
It was a scroll of holy word.
The hound barely misses you.
An adder skeleton comes into view.
The ogre hits you with a +0 giant club!!
You die...

>#.#....[..# #...
...#<......# ...Z
#.........## . ...
...........#.. ...
#............# #..
............## #.#
..#.#.......# #.#
#....(...#### #h#
..#))#.### #@###.##
.##)##.# ####O.....#
##.).#.######....####.#
...#..........#..#
.........######.##
.###.....# #.# ##
##.###### #.# ##
#..#...# #.#
.####..#...# #.#


You could see an ogre, a hound and an adder skeleton.

Vanquished Creatures
  A bullfrog (D:3)
  The ghost of Caerwyn the Chiller, a weakling OgIE (D:3)
  An orc priest (D:4)
  An iguana (D:3)
  A hound skeleton (D:4)
  8 adders
  3 gnolls (D:3)
  An adder skeleton (D:4)
  A worm (D:4)
  A dart slug (D:1)
  5 orcs
  4 ball pythons
  8 bats
  7 endoplasms
  4 giant cockroaches
  6 goblins
  8 hobgoblins
  14 jackals
  6 kobolds
  2 quokkas (D:1)
  3 frilled lizards
  4 rats
90 creatures vanquished.

Notes
Turn   | Place    | Note
-------+----------+-------------------------------------------
     0 | D:1      | Nithhogg the Barachi Fighter began the quest for the Orb.
     0 | D:1      | Reached XP level 1. HP: 18/18 MP: 1/1
   181 | D:1      | Reached XP level 2. HP: 24/25 MP: 2/2
   714 | D:1      | Reached skill level 1 in Dodging
   873 | D:1      | Reached XP level 3. HP: 29/30 MP: 3/3
  1960 | D:2      | Found Qudac's Assorted Antiques.
  2085 | D:2      | Reached XP level 4. HP: 25/37 MP: 4/4
  3044 | D:3      | Found a shadowy altar of Dithmenos.
  3051 | D:3      | Found a faded altar of an unknown god.
  3077 | D:3      | Reached XP level 5. HP: 18/43 MP: 5/5
  3341 | D:3      | Found a blossoming altar of Fedhas.
  3350 | D:3      | Found an ancient bone altar of Kikubaaqudgha.
  4022 | D:3      | Found a runed translucent gate.
  4022 | D:3      | Found a runed translucent gate.
  4050 | D:3      | Found a runed translucent gate.
  4053 | D:3      | Noticed Caerwyn's ghost (weakling OgIE)
  4133 | D:3      | Reached skill level 5 in Long Blades
  4133 | D:3      | Reached XP level 6. HP: 26/49 MP: 6/6
  4139 | D:3      | Killed Caerwyn's ghost
  4469 | D:4      | Reached skill level 5 in Fighting
  4522 | D:4      | Reached skill level 5 in Armour
  4583 | D:4      | Identified the Collected Works on Mutagenic Calling
  4634 | D:4      | Found a staircase to the Ecumenical Temple.
  4642 | Temple   | Entered the Ecumenical Temple
  4911 | Temple   | Became a worshipper of Cheibriados the Contemplative
  5099 | D:4      | HP: 2/51 [ogre/+0 giant club (10)]
  5102 | D:4      | Demolished by an ogre

Illustrated notes

Levels and vault maps discovered:
D:1:      evilmike_arrival_crescent, layout_basic, minmay_misc_feat_hallway,
          interstate_on_off
D:2:      layout_loops_ring, serial_co_window_serial, co_window_corner_a,
          co_window_paths_b, co_window_cross_1, co_window_paths_a,
          co_window_corner_a, co_window_corner_b, co_window_broadway_c,
          co_window_2corner, co_window_4corner_a, co_window_sun,
          glass_columns_a, serial_shops, nicolae_shop_trees,
          minmay_misc_feat_rows
D:3:      minmay_skewed_foursquare, layout_basic,
          grunt_temple_overflow_growth_and_decay,
          nicolae_dithmenos_shadow_blocks, basic_ecumenical_altar,
          gammafunk_ghost_split, chequers_serial_rivers_large_a
D:4:      layout_rooms, minmay_temple_entry_junction
Temple:   hc_temple_tempest_star

Skill      XL: |  1  2  3  4  5  6 |
---------------+-------------------+-----
Long Blades    | 3 4 5 |  5.6
Dodging        | 1 2 3 |  3.0
Fighting       | 4 5 |  5.1
Armour         | 4 5 |  5.0
Shields        | |  3.2

Action                   |  1- 3 |  4- 6 || total
-------------------------+-------+-------++-------
Melee: Long sword        |   133 |   198 ||   331
Invok: Bend Time         |       |     1 ||     1
 Abil: Hop               |       |     1 ||     1
  Use: Potion            |       |     5 ||     5
       Scroll            |       |     5 ||     5
Armor: Scale mail        |    75 |     8 ||    83
       Chain mail        |       |   122 ||   122
Dodge: Dodged            |   111 |   108 ||   219
       Rpst.: Long sword |    30 |    23 ||    53

Table legend: (Time is in decaauts)
 A = Elapsed time spent in this place.
 B = Non-inter-level travel time spent in this place.
 C = Inter-level travel time spent in this place.
 D = Time resting spent in this place.
 E = Time spent auto-exploring this place.
 F = Levels seen in this place.
 G = Mean time per level.
                   A        B        C        D        E       F      G
               +--------+--------+--------+--------+--------+-----+--------+
         Total |   5823 |   5582 |    241 |     47 |   4795 |   5 | 1164.6 |
       Dungeon |   5473 |   5288 |    185 |     47 |   4503 |   4 | 1368.2 |
        Temple |    349 |    293 |     56 |      0 |    291 |   1 |  349.0 |
               +--------+--------+--------+--------+--------+-----+--------+

Top non-repeatable levels by time:
     D:2: 1750 daAuts
     D:3: 1736 daAuts
     D:1: 1532 daAuts
     D:4: 455 daAuts
  Temple: 349 daAuts
